 Dungeon Crawl Stone Soup version 0.30-a0-339-g89bb51ec76 (webtiles) character file.

Game seed: 7159754822949073204

317 sanka the Caller (level 6, 17/45 HPs)
             Began as a Demigod Summoner on Oct 31, 2022.
             Quit the game on level 6 of the Dungeon.
             The game lasted 00:05:15 (3021 turns).

sanka the Caller (Demigod Summoner)                 Turns: 3021, Time: 00:05:16

Health: 17/45      AC:  2    Str: 19    XL:     6   Next: 0%
Magic:  3/11       EV: 12    Int: 21    God:
Gold:   157        SH:  0    Dex: 14    Spells: 3/9 levels left

rFire   . . .      SeeInvis .    p - +0 rapier (drain)
rCold   . . .      Faith    .    (no shield)
rNeg    . . .      Spirit   .    a - +0 robe
rPois   .          Reflect  .    (no helmet)
rElec   .          Harm     .    (no cloak)
rCorr   .          Rampage  .    (no gloves)
Will    .....                    (no boots)
Stlth   ++........               (no amulet)
HPRegen 0.27/turn                (no ring)
MPRegen 0.12/turn                o - +6 ring of strength

@: no status effects
A: high MP 1, forlorn, divine attributes
a: no special abilities


You were on level 6 of the Dungeon.
You visited 1 branch of the dungeon, and saw 5 of its levels.

You collected 157 gold pieces.


Innate Abilities, Weirdness & Mutations

You have an increased reservoir of magic. (+10% MP)
You shall have no god before yourself.
Your divine heritage dramatically boosts your attributes as you level up.


   Skills:
 - Level 1.7 Dodging
 - Level 1.7 Stealth
 - Level 2.0 Spellcasting
 + Level 6.8 Summonings


You had 3 spell levels left.
You knew the following spells:

 Your Spells              Type           Power      Damage    Failure   Level
c - Call Canine Familiar  Summ           30%        N/A       2%          3
x - Call Imp              Summ           30%        N/A       1%          2
z - Summon Small Mammal   Summ           100%       N/A       1%          1

Your spell library contained the following spells:

 Spells                   Type           Power      Damage    Failure   Level
 Summon Guardian Golem    Hex/Summ       16%        N/A       11%         3
 Ensorcelled Hibernation  Hex/Ice        4%         N/A       22%         2
 Spider Form              Tmut/Pois      2%         N/A       41%         3
 Summon Lightning Spire   Summ/Air       16%        N/A       34%         4
 Anguish                  Hex/Necr       1%         N/A       82%         4

Inventory:

Hand Weapons
 i - a +0 short sword
 k - a +0 short sword of draining
 p - a +0 rapier of draining (weapon)
Armour
 a - a +0 robe (worn)
 s - a +0 buckler
Magical Staves
 u - a staff of cold
 v - a staff of poison
Jewellery
 h - a ring of positive energy
 n - a ring of magical power
 o - a +6 ring of strength (right hand)
Scrolls
 c - 2 scrolls of torment {unknown}
 f - 2 scrolls of teleportation {unknown}
 g - 2 scrolls of magic mapping {unknown}
 j - 5 scrolls of identify {unknown}
 m - a scroll of noise {unknown}
 q - a scroll of fear {unknown}
 w - a scroll of brand weapon {unknown}
Potions
 b - a potion of magic
 d - a potion of haste {unknown}
 e - a potion of brilliance {unknown}
 l - 3 potions of heal wounds {unknown}
 r - 2 potions of curing {unknown}
 t - a potion of cancellation {unknown}

Dungeon Overview and Level Annotations

Branches:
Dungeon (6/15)
 Temple: D:4-7

Annotations:
D:6 Grinder

▒▒..........
▒...........▒▒
▒........▒...▒▒
▒....▒▒▒▒▒▒...▒
▒▒▒...▒ ....▒
▒▒▒▒▒..▒ ▒▒...▒▒▒ ▒
▒......▒▒▒▒...>..▒..
▒▒.................▒
▒...p..h)...)....▒▒▒.
▒...PPP5).PPP....▒>..
▒..PPPP.o.P.♣P)......
▒..P PP...P.PP......▒
▒.. PP...PPPP....:..
▒.. .................
▒. .....⌠..........▒▒
▒. .................▒
PPP...PPPP.......


You could see an orc (ally target), a friendly hound (summoned) and a friendly
crimson imp (summoned).


Message History

The orc hits you with a +0 dagger.
* * * LOW HITPOINT WARNING * * *
Your hound closely misses the orc.
Unknown command.
You barely miss the orc.
The orc is lightly wounded.
Your hound bites the orc.
The orc closely misses you. The orc barely misses you.
Your hound bites the orc.
Unknown command.
Your hound barely misses the orc.
Your crimson imp barely misses the orc.
Your hound barely misses the orc.
The orc hits your hound with a +0 dagger.
Your hound bites the orc but does no damage.
Your crimson imp hits the orc but does no damage.
Your hound bites the orc.
The orc dies!
The orc hits your crimson imp with a +0 flail.
Your crimson imp hits the orc.
You have reached level 6!
Your experience leads to a dramatic increase in your attributes!
Your base attributes are Str 9, Int 21, Dex 14.
Increase (s)trength, (i)ntelligence, or (d)exterity?
You feel stronger.
You feel stronger.
You feel stronger.
You feel stronger.
Are you sure you want to abandon this character and quit the game? (Confirm with "yes".)

Action                   |  1- 3 |  4- 6 || total
-------------------------+-------+-------++-------
Melee: Unarmed           |    20 |       ||    20
       Short sword       |    30 |       ||    30
       Rapier            |    35 |    54 ||    89
 Cast: Summon Small Mamm |    15 |       ||    15
       Call Imp          |     6 |     7 ||    13
       Call Canine Famil |     3 |     7 ||    10
 Stab: Sleeping          |     5 |       ||     5
Armor: Robe              |    12 |     8 ||    20
Dodge: Dodged            |    80 |    42 ||   122

Levels and vault maps discovered:
D:1:      wheals_arrival_shading, layout_loops_ring,
          dreamdust_ecumenical_altar_angels_and_demons
D:2:      layout_loops_ring, grunt_ministairs_11
D:3:      layout_basic, mainiacjoe_overflow_brackets, minmay_misc_feat_doors,
          due_unseen_surprise
D:4:      layout_basic, gammafunk_temple_overflow_claw,
          minmay_temple_entry_wispy
D:6:      layout_cave_pools, okawaru_altar_gauntlet_db, serial_park,
          serial_park_tiny_2, serial_park_paths [serial_park_minivault_5x5_5],
          serial_park_tiny_pond, serial_park_square2, nicolae_stop_n_shop_2,
          chequers_serial_rivers_large_a, uniq_grinder, uniq_menkaure

Notes
Turn   | Place    | Note
-------+----------+-------------------------------------------
     0 | D:1      | sanka the Demigod Summoner began the quest for the Orb.
     0 | D:1      | Reached XP level 1. HP: 14/14 MP: 5/5
   234 | D:1      | Reached skill level 2 in Spellcasting
   333 | D:1      | Reached skill level 4 in Summonings
   459 | D:1      | Reached XP level 2. HP: 20/20 MP: 4/7
   488 | D:1      | Learned a level 2 spell: Call Imp
  1409 | D:2      | Reached XP level 3. HP: 26/26 MP: 8/8
  1413 | D:2      | Learned a level 3 spell: Call Canine Familiar
  1791 | D:3      | Reached skill level 5 in Summonings
  1843 | D:3      | Reached XP level 4. HP: 27/33 MP: 4/9
  2526 | D:4      | Reached XP level 5. HP: 36/38 MP: 10/10
  2590 | D:4      | Reached skill level 6 in Summonings
  2953 | D:6      | Noticed Grinder
  3001 | D:6      | Noticed an orc warrior
  3016 | D:6      | Killed an orc warrior
  3021 | D:6      | Reached XP level 6. HP: 17/45 MP: 3/11
  3021 | D:6      | Quit the game

Vanquished Creatures
  An orc warrior (D:6)
  A scorpion (D:3)
  An orc priest (D:3)
  A gnoll (D:4)
  A worm (D:2)
  2 orcs
  An endoplasm (D:1)
  2 giant cockroaches
  6 goblins
  3 hobgoblins
  2 quokkas (D:2)
  4 ball pythons
  5 bats
  2 frilled lizards (D:2)
  2 kobolds (D:3)
  3 rats
37 creatures vanquished.

Vanquished Creatures (collateral kills)
  A jelly (D:6)
  2 gnolls (D:4)
  An adder (D:3)
  A worm (D:3)
  5 orcs
  2 endoplasms (D:1)
  A giant cockroach (D:1)
  A goblin (D:1)
  A hobgoblin (D:3)
  2 kobolds
  2 quokkas
  2 ball pythons
  A frilled lizard (D:3)
  4 rats
26 creatures vanquished.

Vanquished Creatures (others)
  A plant (D:6)
1 creature vanquished.

Grand Total: 64 creatures vanquished
